 Dungeon Crawl Stone Soup version 0.29.1-15-g9cfb28693d (webtiles) character file.

Game seed: 12062374996981490909

53 hawla the Firebug (level 4, -7/33 HPs)
             Began as a Meteoran Fire Elementalist on Feb 21, 2023.
             Killed from afar by an electric eel (14 damage)
             ... with a bolt of electricity
             ... on level 3 of the Dungeon.
             The game lasted 00:04:02 (474 turns).

hawla the Firebug (Meteoran Fire Elementalist)       Turns: 474, Time: 00:04:03

Health: -7/33      AC:  3    Str:  9    XL:     4   Next: 31%
Magic:  14/19      EV: 12    Int: 18    God:
Gold:   36         SH:  0    Dex: 15    Spells: 1/10 levels left

rFire   . . .      SeeInvis +   f - +0 spear (venom)
rCold   . . .      Faith    .   (no shield)
rNeg    . . .      Spirit   .   a - +0 robe
rPois   .          Reflect  .   (no helmet)
rElec   .          Harm     .   g - +0 cloak
rCorr   .          Rampage  .   (no gloves)
Will    .....                   (no boots)
Stlth   +.........              (no amulet)
HPRegen 0.11/turn               c - ring of see invisible
MPRegen 0.16/turn               d - ring of magical power

@: glowing
A: sense surroundings 1, otherworldly, glowing, explore regen
a: no special abilities


You were on level 3 of the Dungeon.
You visited 1 branch of the dungeon, and saw 3 of its levels.

You collected 36 gold pieces.

Inventory:

Hand Weapons
 f - a +0 spear of venom (weapon)
Armour
 a - a +0 robe (worn)
 g - a +0 cloak (worn)
Jewellery
 c - a ring of see invisible (left hand)
 d - a ring of magical power (right hand)
Wands
 i - a wand of flame (25)
Potions
 b - a potion of magic
 e - a potion of attraction {unknown}
 h - a potion of heal wounds {unknown}


   Skills:
 - Level 0.1 Fighting
 - Level 0.4 Polearms
 - Level 2.5 Dodging
 - Level 1.4 Stealth
 - Level 3.7 Spellcasting
 + Level 1.6 Conjurations
 - Level 4.6 Fire Magic


You had one spell level left.
You knew the following spells:

 Your Spells              Type           Power      Damage    Failure   Level
a - Foxfire               Conj/Fire      56%        2x1d6     4%          1
b - Scorch                Fire           40%        2d7       3%          2
c - Flame Wave            Conj/Fire      14%        2d6       38%         4
d - Searing Ray           Conj           18%        2d5       12%         2

Your spell library contained the following spells:

 Spells                   Type           Power      Damage    Failure   Level
 Magic Dart               Conj           36%        1d4       8%          1
 Conjure Flame            Conj/Fire      14%        6-21      13%         3
 Inner Flame              Hex/Fire       11%        N/A       17%         3
 Fulminant Prism          Conj/Hex       3%         3d6       73%         4


Dungeon Overview and Level Annotations

Branches:
Dungeon (3/15) Zot: 1326

Altars:

Annotations:
D:3 1 transporter


Innate Abilities, Weirdness & Mutations

You passively map a small area around you.
You are easily found by Zot.
You glow in the dark.
You regain HP and MP as you explore.


Message History

Found a transporter.
There is a transporter here.
You enter the transporter and appear at another place.
i - a wand of flame (25) This spell is extremely dangerous to cast!
Memorise Flame Wave, consuming 4 spell levels and leaving 3?
You start memorising the spell.
You continue memorising. x4
You finish memorising.
Spell assigned to 'c'.
Okay, then.
Memorise Searing Ray, consuming 2 spell levels and leaving 1?
You start memorising the spell.
You continue memorising. x2
You finish memorising.
Spell assigned to 'd'.
You open the door.
Casting: Scorch (safe; 3% risk of failure)
Confirm with . or Enter, or press ? or * to list all spells.
The spell is extremely dangerous to miscast (38% risk of failure)!
Continue anyway?
Casting: Flame Wave (extremely dangerous; 38% risk of failure)
Press: ? - help, Dir - look around, f - activate A wave of flame ripples out! (Press . to intensify the flame waves.)
The electric eel shoots out a bolt of lightning at you!
The bolt of electricity hits you! x2
Unknown command.
A wave of flame ripples out!
The flame wave engulfs the electric eel.
The electric eel is moderately wounded.
The flame wave engulfs the plant!
The plant begins to die.
The plant is lightly damaged.
The flame wave engulfs the plant!
The plant begins to die.
The plant is lightly damaged.
The flame wave engulfs the electric eel.
The electric eel is moderately wounded.
The plant is engulfed in a cloud of scalding steam. x2
The electric eel is engulfed in a cloud of scalding steam.
You kill the electric eel!
The electric eel shoots out a bolt of lightning at you!
The bolt of electricity hits you.
* * * LOW HITPOINT WARNING * * *
The bolt of electricity hits you!
You die...

#.# # #.##.....#.##.#
#.# ###.#. #######.#♣.♣
#........#.###### #....#
#####...........########
#.####.#.#...#### *
*#..........©....#
.♣.♣....#######.# ,
♣#...#8.©.8#.# ,,* *
♣#...#P.@.P#.# , *
,♣....###'###.# *
♣....#S.?.§#.# * #
♣##..#~...S#.# *#
#..###..#~...~#.# #.*
#.......#~.⌠.~#.# .#
######..#~...~#.# .#
##...#~...~#.. .##
##....#~...~#,


You could see 2 electric eels.

Vanquished Creatures
  An electric eel (D:3)
  3 adders (D:3)
  A worm (D:3)
  A ball python (D:2)
  An endoplasm (D:1)
  A hobgoblin (D:1)
  10 jackals (D:3)
  A quokka (D:2)
  2 bats (D:3)
  A kobold (D:3)
22 creatures vanquished.

Vanquished Creatures (others)
  41 foxfires
  A plant (D:2)
42 creatures vanquished.

Grand Total: 64 creatures vanquished

Notes
Turn   | Place    | Note
-------+----------+-------------------------------------------
     0 | D:1      | hawla the Meteoran Fire Elementalist began the quest for
                  | the Orb.
     0 | D:1      | Reached XP level 1. HP: 14/14 MP: 5/5
    70 | D:2      | Reached XP level 2. HP: 15/20 MP: 4/6
    73 | D:2      | Learned a level 2 spell: Scorch
   110 | D:3      | Reached skill level 4 in Fire Magic
   110 | D:3      | Reached XP level 3. HP: 26/26 MP: 4/8
   395 | D:3      | Reached XP level 4. HP: 26/33 MP: 10/10
   438 | D:3      | Found a transporter.
   449 | D:3      | Found a transporter.
   469 | D:3      | Learned a level 4 spell: Flame Wave
   472 | D:3      | Learned a level 2 spell: Searing Ray
   474 | D:3      | Killed from afar by an electric eel

Illustrated notes

Levels and vault maps discovered:
D:1:      dpeg_arrival_central, layout_rooms, kennysheep_boxes
D:2:      cheibrodos_old_hovel, layout_loops_ring
D:3:      gammafunk_steamed_eel, layout_loops_corners,
          ebering_ecumenical_altar_hall, serial_forest,
          infiniplex_forest_straight_5, infiniplex_forest_lined_3,
          infiniplex_forest_lined_3_way, infiniplex_forest_clump_medium,
          infiniplex_forest_straight_2, infiniplex_forest_clump_medium

Skill      XL: |  1  2 |
---------------+-------+-----
Spellcasting   | 3 |  3.7
Fire Magic     | 4 |  4.6
Fighting       | |  0.1
Polearms       | |  0.4
Dodging        | |  2.5
Stealth        | |  1.4
Conjurations   | |  1.6

Action                   |  1- 3 |  4- 6 || total
-------------------------+-------+-------++-------
Melee: Unarmed           |     7 |       ||     7
       Spear             |    10 |     1 ||    11
 Cast: Foxfire           |    22 |     1 ||    23
       Scorch            |     9 |     2 ||    11
       Flame Wave        |       |     1 ||     1
  Use: Scroll            |     2 |       ||     2
Armor: Robe              |     7 |     3 ||    10
Dodge: Dodged            |    14 |     2 ||    16
